 Dungeon Crawl Stone Soup version 0.17-a0-1899-ge84b1df (webtiles) character file.

3033 Fizybubbleh the Grappler (level 9, -1/80 HPs)
             Began as a Troll Monk on Sept 24, 2015.
             Was an Elder of Okawaru.
             Slain by an unseen horror (11 damage)
             ... on level 7 of the Dungeon.
             The game lasted 00:18:41 (5748 turns).

Fizybubbleh the Grappler (Troll Monk)               Turns: 5748, Time: 00:18:41

Health: -1/80      AC:  5    Str: 21    XL:     9   Next: 56%
Magic:  8/8        EV: 10    Int:  6    God:    Okawaru [****..]
Gold:   321        SH:  0    Dex: 15    Spells: 0 memorised, 8 levels left

rFire  + . .     SeeInvis .       - Unarmed
rCold  + . .     Clarity  .     f - +0 robe {rC+ rF+}
rNeg   . . .     SustAt   +     (no shield)
rPois  .         Gourm    +     e - +0 hat
rElec  .         Spirit   .     (no cloak)
rCorr  .         Warding  .     (gloves unavailable)
rMut   .         Stasis   .     (boots unavailable)
MR     .....                    (no amulet)
Stlth  +++.......               x - ring of stealth
                                N - ring of sustain attributes

@: very slightly contaminated, not resistant to hostile enchantments, fairly
stealthy
A: unfitting armour, claws 3, fast metabolism 3, gourmand, regeneration 2,
shaggy fur 1, tough skin 2
a: Heroism, Renounce Religion


You were on level 7 of the Dungeon.
You worshipped Okawaru.
Okawaru was greatly pleased with you.
You were not hungry.

You visited 1 branch of the dungeon, and saw 7 of its levels.
You also visited: Sewer.

You collected 321 gold pieces.

Inventory:

Missiles
 k - 298 stones (quivered)
 P - 2 throwing nets
Armour
 a - a +0 robe
 e - a +0 hat (worn)
 f - a +0 robe of resistance (worn)
 M - a +0 cloak
Jewellery
 m - an uncursed ring of protection from cold
 x - a ring of stealth (right claw)
 A - an uncursed ring of magical power
 N - a ring of sustain attributes (left claw)
Magical devices
 l - a wand of teleportation (6)
 o - a wand of polymorph (3)
 w - a wand of magic darts (9)
 C - a wand of confusion (23)
 H - a wand of confusion (32)
 I - a wand of flame (15)
Scrolls
 d - a scroll of identify
 i - 3 scrolls of recharging
 j - a scroll of enchant weapon
 y - 5 scrolls of immolation
 z - 2 scrolls of magic mapping {unknown}
 B - a scroll of random uselessness {unknown}
 F - a scroll of remove curse
 G - 5 scrolls of teleportation {unknown}
 J - 2 scrolls of fear {unknown}
 K - a scroll of amnesia {unknown}
 R - a scroll of acquirement {unknown}
Potions
 p - 2 potions of mutation
 q - 4 potions of might
 r - 3 potions of haste
 s - 3 potions of degeneration
 u - 4 potions of ambrosia
 v - 5 potions of curing
 E - 2 potions of poison
 O - a potion of agility
 Q - 2 potions of magic
Comestibles
 b - 3 bread rations
 c - 7 meat rations
 g - a slice of pizza
 h - 2 beef jerkies
 n - 7 fruits


   Skills:
 - Level 2.4 Fighting
 - Level 5.9 Throwing
 - Level 2.4 Dodging
 - Level 1.1 Stealth
 * Level 12.0 Unarmed Combat


You had 8 spell levels left.
You didn't know any spells.

Dungeon Overview and Level Annotations

Branches:
Dungeon (7/15)             Temple (0/1) D:6

Altars:
Ashenzari
Dithmenos
Fedhas
Makhleb
Okawaru
Ru
Sif Muna
Xom
Yredelemnul
The Shining One


Innate Abilities, Weirdness & Mutations

You are too large for most types of armour.
You have claws for hands.
Your metabolism is lightning-fast.
You like to eat raw meat.
You heal very quickly.
You are covered in fur (AC +1).
You have very tough skin (AC +2).


Message History

Something hits you.
You take 5 damage, and have 27/80 hp.
You claw something! Something hits you.
* * * LOW HITPOINT WARNING * * *
You take 4 damage, and have 23/80 hp.
Something hits you.
* * * LOW HITPOINT WARNING * * *
The phantom hits you.
* * * LOW HITPOINT WARNING * * *
Something hits you!
* * * LOW HITPOINT WARNING * * *
You take 17 damage, and have 6/80 hp.
MASSIVE DAMAGE!!
Read which item? (? for menu, Esc to quit)
Blink to where?
You are very lightly contaminated with residual magic.
As you read the scroll of blinking, it crumbles to dust.
Something hits you but does no damage. Something hits you!
You die...

....##.#######..## #........#
....#..# ###...###........##
....#.######......#..........#
......#......#...#..##....##.#
........####...###.####..###.#
.....#### #...# #.# #..###.##
......######...###.# #....#..##
....#..........#...# #....##..#
....#######.....@.## #....###.#
#....###......###.#####.....##.#
..............###...........##.#
..###...........#######.....##.#
..###.#..#...##...# #.....##.#
.........#.######.#####....###.##
..#.........#####..........#.....
###.........<#.........)...W.....
....._.........#############.....


There were no monsters in sight!

Vanquished Creatures
  The ghost of Grim the Cruncher, an experienced MiGl (D:6)
  Sigmund (D:3)
  Eustachio (D:4)
  A water moccasin (D:7)
  2 ogres (D:4)
  A sky beast (D:6)
  An ice beast (D:7)
  Blork the orc (D:6)
  3 giant frogs
  2 scorpions (D:4)
  5 wights (D:6)
  A crimson imp (D:6)
  2 hounds
  3 iguanas
  3 jellies
  Crazy Yiuf (D:6)
  Ijyb (D:2)
  A gnoll shaman (D:6)
  2 orc wizards
  2 giant frog skeletons (D:7)
  2 orc priests (D:3)
  Terence (D:3)
  Natasha (thrice) (D:4)
  11 worker ants
  Robin (D:4)
  11 adders
  14 gnolls
  An adder skeleton (D:5)
  4 worms
  12 orcs
  8 giant cockroaches
  8 hobgoblins
  5 jackals
  5 quokkas
  4 ball pythons
  10 bats
  4 giant geckos
  A giant gecko skeleton (D:5)
  8 giant newts
  11 goblins
  8 kobolds
  8 rats
175 creatures vanquished.

Notes
Turn   | Place    | Note
--------------------------------------------------------------
     0 | D:1      | Fizybubbleh the Troll Monk began the quest for the Orb.
     0 | D:1      | Reached XP level 1. HP: 22/22 MP: 0/0
   155 | D:1      | Reached XP level 2. HP: 25/29 MP: 1/1
   874 | D:2      | Reached skill level 5 in Unarmed Combat
   910 | D:2      | Reached XP level 3. HP: 36/36 MP: 2/2
   925 | D:2      | Noticed Ijyb
   981 | D:2      | Killed Ijyb
  1270 | D:2      | Reached XP level 4. HP: 44/44 MP: 3/3
  1349 | D:2      | Noticed an ice beast
  1528 | D:3      | Noticed Sigmund
  1558 | D:3      | Killed Sigmund
  1558 | D:3      | Reached skill level 7 in Unarmed Combat
  1558 | D:3      | Reached XP level 5. HP: 6/50 MP: 4/4
  1692 | D:3      | Reached XP level 6. HP: 56/59 MP: 5/5
  1835 | D:3      | Noticed Terence
  1852 | D:3      | Killed Terence
  1998 | D:3      | Reached skill level 1 in Throwing
  2359 | D:4      | Noticed Natasha
  2369 | D:4      | Killed Natasha
  2369 | D:4      | Reached skill level 8 in Unarmed Combat
  2416 | D:4      | Found a glowing golden altar of the Shining One.
  2418 | D:4      | Reached XP level 7. HP: 66/66 MP: 6/6
  2546 | D:4      | Noticed Robin
  2553 | D:4      | Killed Robin
  2554 | D:4      | Noticed Natasha
  2563 | D:4      | Killed Natasha
  2668 | D:4      | Found a shattered altar of Ashenzari.
  2668 | D:4      | Found an iron altar of Okawaru.
  2671 | D:4      | Found a deep blue altar of Sif Muna.
  2674 | D:4      | Found a blossoming altar of Fedhas.
  2683 | D:4      | Became a worshipper of Warmaster Okawaru
  2683 | D:4      | Acquired Okawaru's first power
  2780 | D:4      | Found a shadowy altar of Dithmenos.
  2780 | D:4      | Found a basalt altar of Yredelemnul.
  2781 | D:4      | Found a sacrificial altar of Ru.
  2868 | D:4      | Noticed Natasha
  2871 | D:4      | Killed Natasha
  3030 | D:4      | Noticed Eustachio
  3041 | D:4      | Killed Eustachio
  3041 | D:4      | Reached skill level 9 in Unarmed Combat
  3064 | D:4      | Reached XP level 8. HP: 74/74 MP: 7/7
  3303 | D:5      | Entered Level 5 of the Dungeon
  4023 | D:6      | Found a staircase to the Ecumenical Temple.
  4107 | D:6      | Reached skill level 10 in Unarmed Combat
  4192 | D:6      | Noticed Grim's ghost (experienced MiGl)
  4201 | D:6      | Killed Grim's ghost
  4201 | D:6      | Reached skill level 5 in Throwing
  4271 | D:6      | Reached XP level 9. HP: 80/80 MP: 8/8
  4291 | D:6      | Reached skill level 11 in Unarmed Combat
  4359 | D:6      | Noticed Crazy Yiuf
  4372 | D:6      | Killed Crazy Yiuf
  4518 | D:6      | Found a shimmering altar of Xom.
  4518 | D:6      | Found a burning altar of Makhleb.
  4608 | D:6      | Found a glowing drain.
  4612 | Sewer    | Entered a sewer
  4959 | D:6      | Noticed Blork the orc
  4969 | D:6      | Killed Blork the orc
  5525 | D:7      | HP: 1/80 [something (8)]
  5672 | D:7      | Found a shimmering altar of Xom.
  5682 | D:7      | Reached skill level 12 in Unarmed Combat
  5748 | D:7      | Slain by an unseen horror

Vault maps used:
D:1:      lightli_arrival_boilingwater, glass_columns_a, minmay_misc_feat_roman,
          hangedman_decor_clover_reticule, amethyst_killhole
D:2:      lightli_corner_chamber, uniq_iyjb
D:3:      uniq_terence, uniq_sigmund
D:4:      minitemple, gammafunk_temple_overflow_claw, uniq_robin,
          uniq_eustachio, uniq_natasha
D:5:      first_bread
D:6:      lemuel_upstairs_altar, grunt_temple_overflow_champion_of_chaos,
          minmay_temple_entry_nine_rooms, gup_sewer_entry_spiral,
          uniq_blork_the_orc, uniq_crazy_yiuf_cottage
D:7:      basic_altar
Sewer:    sewer_co_cracked_pipes

Action                   |  1- 3 |  4- 6 |  7- 9 || total
-------------------------+-------+-------+-------++-------
Melee: Unarmed           |   104 |    99 |   287 ||   490
Throw: Stone             |     9 |     7 |    40 ||    56
Invok: Heroism           |       |       |     3 ||     3
  Use: Scroll            |       |     9 |    11 ||    20
       Potion            |       |     2 |     2 ||     4
 Stab: Sleeping          |       |       |    14 ||    14
  Eat: Chunk             |    11 |    10 |    26 ||    47
       Bread ration      |       |       |     1 ||     1
